 Dungeon Sprint DCSS version 0.17-a0-1184-gb75be8f (webtiles) character file.

4 Kidiri the Purveyor of Pain (level 1, -1/10 HPs)
             Began as a Deep Elf Necromancer on June 1, 2015.
             Was an Initiate of Kikubaaqudgha.
             Slain by a wight
             ... wielding a cursed +2 long sword of electrocution
              (11 damage)
             ... in the Dungeon (Sprint VII: "The Pits").
             The game lasted 00:01:15 (329 turns).

Kidiri the Purveyor of Pain (Deep Elf Necromancer)   Turns: 329, Time: 00:01:15

Health: -1/10      AC:  2    Str:  5    XL:     1   Next: 58%
Magic:  7/7        EV: 13    Int: 19    God:    Kikubaaqudgha [......]
Gold:   0          SH:  0    Dex: 15    Spells: 2 memorised, 5 levels left

rFire  . . .     SeeInvis .     q - +2 dagger
rCold  . . .     Clarity  .     a - +0 robe
rNeg   . . .     SustAt   .     (no shield)
rPois  .         Gourm    .     (no helmet)
rElec  .         Spirit   .     (no cloak)
rCorr  .         Warding  .     (no gloves)
rMut   .         NoTele   +     (no boots)
MR     .....                    (no amulet)
Stlth  ++........               (no ring)
                                (no ring)

@: not resistant to hostile enchantments, unstealthy
A: no striking features
a: Renounce Religion


You were in the Dungeon.
You worshipped Kikubaaqudgha.
Kikubaaqudgha was noncommittal.
You were not hungry.

You visited 1 branch

Inventory:

Hand weapons
 q - a +2 dagger (weapon)
Armour
 a - a +0 robe (worn)
Magical staves
 m - an uncursed staff of energy
Scrolls
 i - a scroll of blinking
 n - 3 scrolls of remove curse
 o - 5 scrolls of amnesia
 p - a scroll of summoning
Potions
 d - a potion of curing
 e - a potion of heal wounds
 f - a potion of haste
 g - 4 potions of magic
 h - 3 potions of berserk rage
 l - 2 potions of invisibility
Books
 b - a book of Necromancy

   Spells                             Type                      Level
   a - Pain                           Necromancy                   1
   b - Animate Skeleton               Necromancy                   1
   c - Vampiric Draining              Necromancy                   3
   d - Regeneration                   Charms/Necromancy            3
   e - Animate Dead                   Necromancy                   4
   f - Control Undead                 Necromancy                   4
Comestibles
 c - 8 bread rations
 j - 40 fruits
 k - 7 meat rations


   Skills:
 + Level 2.8 Dodging
 + Level 3.1 Stealth
 * Level 3.9 Spellcasting
 * Level 5.3 Necromancy


You had 5 spell levels left.
You knew the following spells:

 Your Spells              Type           Power        Failure   Level  Hunger
a - Pain                  Necr           ###.         1%          1    None
b - Animate Skeleton      Necr           N/A          1%          1    None


Dungeon Overview and Level Annotations

Branches:
Dungeon (1/1)

Altars:
Ashenzari
Cheibriados
Dithmenos
Elyvilon
Fedhas
Gozag
Kikubaaqudgha
Makhleb
Nemelex Xobeh
Okawaru
Qazlal
Ru
Sif Muna
Trog
Vehumet
Xom
Yredelemnul
Zin
The Shining One
Beogh
Jiyva
Lugonu


Message History

You hit the wight but do no damage. The wight barely misses you.
You closely miss the wight. The wight barely misses you.
You hit the wight.
The wight is moderately damaged.
The wight hits you but does no damage.
You closely miss the wight.
The wight is moderately damaged.
The wight barely misses you.
You closely miss the wight.
The wight is moderately damaged.
The wight closely misses you.
You hit the wight.
The wight is moderately damaged.
The wight misses you.
Wield which item (- for none, * to show all)? (? for menu, Esc to quit)
q - a +2 dagger (weapon)
The wight hits you with a long sword of electrocution!
Ouch! That really hurt!
You die...
Kikubaaqudgha rasps: "You have failed me!
Welcome... death!"

#__________#
#__________#
#.#####'##############++
#_#)).'.'..##...........
#_#)))#.#?(##......#..#.
#######'#####...........
#...........'...........
#+#####'#####......#..#.
#...#@# #...........
#...#z# ####'#####++
#...'Z# #.......#
##'#### #.......# #...
#.......# #....
#...<...# #....z
#.......# #....l.
#.......# ########
#.......#


You could see a wight and an adder skeleton.

Vanquished Creatures
  A bat skeleton (D)
  A hobgoblin (D)
  A ball python (D)
  A giant cockroach (D)
  A giant cockroach zombie (D)
5 creatures vanquished.

Notes
Turn   | Place    | Note
--------------------------------------------------------------
     0 | D        | Kidiri the Deep Elf Necromancer began the quest for the Orb.
     0 | D        | Reached XP level 1. HP: 10/10 MP: 6/6
     2 | D        | Learned a level 1 spell: Animate Skeleton
    14 | D        | Reached skill level 5 in Necromancy
    25 | D        | Found a sacrificial altar of Ru.
    25 | D        | Found a basalt altar of Yredelemnul.
    25 | D        | Found a shadowy altar of Dithmenos.
    25 | D        | Found a deep blue altar of Sif Muna.
    25 | D        | Found a burning altar of Makhleb.
    25 | D        | Found a shimmering altar of Xom.
    25 | D        | Found an ancient bone altar of Kikubaaqudgha.
    25 | D        | Found a sparkling altar of Nemelex Xobeh.
    27 | D        | Found a bloodstained altar of Trog.
    27 | D        | Found a corrupted altar of Lugonu.
    27 | D        | Found a viscous altar of Jiyva.
    41 | D        | Found a glowing golden altar of the Shining One.
    41 | D        | Found a glowing silver altar of Zin.
    48 | D        | Found a shattered altar of Ashenzari.
    48 | D        | Found a white marble altar of Elyvilon.
    48 | D        | Found a snail-covered altar of Cheibriados.
    48 | D        | Found a blossoming altar of Fedhas.
    48 | D        | Found a radiant altar of Vehumet.
    48 | D        | Found a roughly hewn altar of Beogh.
    48 | D        | Found an iron altar of Okawaru.
    53 | D        | Became a worshipper of Kikubaaqudgha
    59 | D        | Found a stormy altar of Qazlal.
    60 | D        | Found an opulent altar of Gozag.
   317 | D        | Noticed a wight
   317 | D        | Noticed a wight
   329 | D        | Slain by a wight

Vault maps used:
D:        pitsprint

Action                   || total
-------------------------++-------
Melee: Staff             ||    11
 Cast: Pain              ||     3
 Stab: Sleeping          ||     1
